 Dungeon Crawl Stone Soup version 0.24.0-123-gd5b16e6ec5 (webtiles) character file.

Game seed: 7872293522798560805, levelgen mode: deterministic

34874 Goreval the Martial Artist (level 13, -14/113 HPs)
             Began as a Pale Draconian Transmuter on Jan 12, 2020.
             Was the Champion of Okawaru.
             Demolished by an eight-headed hydra (16 damage)
             ... on level 2 of the Lair of Beasts.
             The game lasted 00:58:40 (25774 turns).

Goreval the Martial Artist (DrTm)                  Turns: 25774, Time: 00:58:40

Health: -14/113    AC:  2    Str: 12    XL:     13   Next: 44%
Magic:  19/21      EV: 29    Int: 18    God:    Okawaru [******]
Gold:   961        SH:  0    Dex: 21    Spells: 9/23 levels left

rFire    + . .     SeeInvis .     - Unarmed
rCold    + . .     Gourm    .   (shield currently unavailable)
rNeg     . . .     Faith    .   (armour unavailable)
rPois    .         Spirit   .   (helmet currently unavailable)
rElec    .         Reflect  .   (cloak currently unavailable)
rCorr    .         Harm     .   (gloves currently unavailable)
MR       .....                  (boots currently unavailable)
Stlth    +.........             (no amulet)
HPRegen  0.28/turn              I - ring of Truth {rPois rF+ rC+ Dex+3}
MPRegen  0.17/turn              D - ring of attention (curse)

@: spider-form
A: tiny, (breathe steam), unfitting armour, AC +8
a: End Transformation, Heroism, Finesse, Renounce Religion


You were on level 2 of the Lair of Beasts.
You worshipped Okawaru.
Okawaru was exalted by your worship.
You were not hungry.
You were a venomous arachnid creature.
You visited 2 branches of the dungeon, and saw 16 of its levels.

You collected 961 gold pieces.

Inventory:

Hand Weapons
 y - the +5 quarterstaff "Godyat" {venom, rC- MP+9 Int+2 Dex+3, unknown}
   (You found it on level 8 of the Dungeon)

   It poisons the flesh of those it strikes.
   It affects your intelligence (+2).
   It affects your dexterity (+3).
   It makes you vulnerable to cold.
   It affects your magic capacity (+9).
 G - the +7 flail "Zeiliny" {crush, rC+ MR+ Stlth+, unknown}
   (You found it on level 7 of the Dungeon)

   It inflicts extra damage upon your enemies.
   It protects you from cold.
   It affects your resistance to hostile enchantments.
   It makes you more stealthy.
Missiles
 a - 217 arrows
 b - 379 stones (quivered)
 g - 5 boomerangs
 k - 3 silver boomerangs
 p - 5 throwing nets
 F - 7 javelins
 L - 2 boomerangs of dispersal
Armour
 m - a +0 buckler of positive energy (melded)
 w - a +2 pair of gloves of archery (melded)
 z - a +1 hat (melded)
 A - a +0 cloak (melded)
Jewellery
 o - an uncursed ring of fire
 v - an uncursed ring of protection from magic
 B - an uncursed ring of resist corrosion {unknown}
 C - an uncursed ring of protection from cold
 D - a cursed ring of attention (right front leg)
 H - a +4 ring of intelligence {unknown}
 I - the ring of Truth (left front leg) {rPois rF+ rC+ Dex+3}
   (You found it on level 10 of the Dungeon)

   [ring of poison resistance]

   It affects your dexterity (+3).
   It protects you from fire.
   It protects you from cold.
   It protects you from poison.
 M - an uncursed ring of ice
 P - an uncursed ring of protection from magic
Wands
 h - a wand of disintegration (16)
 s - a wand of iceblast (19)
 x - a wand of polymorph (12)
 J - a wand of acid (9)
 N - a wand of random effects (19)
Scrolls
 f - 3 scrolls of fear
 i - 8 scrolls of teleportation
 q - 3 scrolls of magic mapping
 K - 2 scrolls of fog
 Q - a scroll of summoning
 R - a scroll of enchant armour
 S - a scroll of blinking
Potions
 d - 2 potions of brilliance
 e - 2 potions of heal wounds {unknown}
 j - 3 potions of lignification
 l - 4 potions of curing
 n - 4 potions of agility
 r - 4 potions of haste
 t - 5 potions of berserk rage
 u - 2 potions of flight
 E - a potion of ambrosia
 O - 2 potions of mutation {unknown}
 U - a potion of invisibility
Comestibles
 c - 22 rations


   Skills:
 - Level 10.0 Fighting
 - Level 8.1 Dodging
 - Level 4.0 Shields
 * Level 12.8 Unarmed Combat
 + Level 5.6 Spellcasting
 * Level 12.6 Transmutations
 - Level 5.0 Invocations


You had 9 spell levels left.
You knew the following spells:

 Your Spells              Type           Power        Failure   Level  Hunger
b - Spider Form           Tmut/Pois      ####......   10%         3    ##.....
c - Blade Hands           Tmut           ######....   8%          5    #####..
k - Swiftness             Chrm/Air       #.......     38%         2    None
n - Blink                 Tloc           N/A          38%         2    None
z - Sticks to Snakes      Tmut           ######..     1%          2    None

Your spell library contained the following spells:

 Spells                   Type           Power        Failure   Level  Hunger
 Beastly Appendage        Tmut           ######       1%          1    None
 Ice Form                 Ice/Tmut       ####....     24%         4    ####...
 Animate Skeleton         Necr           N/A          28%         1    None
 Apportation              Tloc           #.....       28%         1    None
 Confusing Touch          Hex            #.....       28%         1    None
 Flame Tongue             Conj/Fire      #....        28%         1    None
 Magic Dart               Conj           #...         28%         1    None
 Shock                    Conj/Air       #...         28%         1    None
 Summon Small Mammal      Summ           #...         28%         1    None
 Call Imp                 Summ           #.......     38%         2    None
 Slow                     Hex            #.......     38%         2    None
 Conjure Flame            Conj/Fire      #.......     58%         3    ##.....
 Mephitic Cloud           Conj/Pois/Air  #.......     58%         3    ##.....
 Static Discharge         Conj/Air       #.......     58%         3    ##.....
 Dragon Form              Tmut           ######....   73%         7    #######
 Airstrike                Air            #.........   90%         4    ####...
 Cause Fear               Hex            #.........   90%         4    ####...
 Lightning Bolt           Conj/Air       #.........   99%         5    #####..
 Bolt of Fire             Conj/Fire      #.........   100%        6    #######
 Dragon's Call            Summ           #.........   100%        9    #######


Dungeon Overview and Level Annotations

Branches:
Dungeon (14/15)            Temple (0/1) D:6            Lair (2/6) D:8
  Swamp (0/4) Lair:2          Orc (0/2) D:9
  Snake: Lair:2-4    Spider: Lair:2-4    Vaults: D:13-14

Altars:
Ashenzari
Cheibriados
Elyvilon
Gozag
Kikubaaqudgha
Nemelex Xobeh
Okawaru
Ru
Trog
Xom
The Shining One
Beogh

Shops:
D:7 *   D:10 [   D:14 (

Annotations:
Lair:2 2 transporters, exclusion: 2 oklob plants, Amplified's ghost, journeyman DDGl


Innate Abilities, Weirdness & Mutations

((You can breathe blasts of scalding, opaque steam.))
((Your pale cyan-grey scales are hard. (AC +8)))
You cannot fit into any form of body armour.
((You are cold-blooded and may be slowed by cold attacks.))


Message History

The komodo dragon hisses angrily.
The dream sheep bleats!
The blink frog croaks.
You hit the eight-headed hydra but do no damage.
You bite the eight-headed hydra!
The eight-headed hydra barely misses you.
The eight-headed hydra closely misses you.
The eight-headed hydra completely misses you.
The eight-headed hydra bites you!
* * * LOW HITPOINT WARNING * * *
The eight-headed hydra completely misses you. x3
The eight-headed hydra bites you!
* * * LOW HITPOINT WARNING * * *
You hit the eight-headed hydra but do no damage.
The eight-headed hydra bites you!
* * * LOW HITPOINT WARNING * * *
The eight-headed hydra bites you!
* * * LOW HITPOINT WARNING * * *
The eight-headed hydra completely misses you.
The eight-headed hydra misses you. The eight-headed hydra bites you!
You die...

##........#..#...#hW#...###....
#........#.#.....#.#..## ..#.
#........#....©....#.## ≈..#
#........#.#.....#.#.# ≈.≈≈
##........#..#...#..#.P ≈.≈≈
#.........#...WF....#.≈ ≈.≈≈
##........##8lYShY8##.
##.....<...#########..≈
#...#.###.....s©......≈≈
##..### #.#...D......... #....#
#.#......#...... ##.#..#
#...............
.......##........≈........
PP.P....###........≈........
?[.P..####.........≈......≈≈
####.##P#.#.P.............≈≈
#...............#)..<..≈≈


You could see a death yak, an eight-headed hydra, a komodo dragon, a black
mamba, a blink frog, a wolf, a dream sheep and Amplified's ghost.

Vanquished Creatures
  Fannar (D:12)
  Harold (Lair:2)
  Erolcha (D:10)
  A catoblepas (D:14)
  2 hydras
  The ghost of ciphuk the Carver, a journeyman KoAs of Okawaru (D:11)
  6 two-headed ogres
  A queen ant (D:9)
  An unseen horror (D:8)
  Pikel (D:7)
  A manticore (D:12)
  3 spiny frogs
  3 komodo dragons
  2 tengu conjurers (D:13)
  4 trolls
  4 slime creatures (D:12)
  3 blink frogs (Lair:2)
  Prince Ribbit (Lair:2)
  2 hippogriffs (Lair:1)
  A shadow (D:12)
  19 yaks
  A spriggan (Lair:2)
  A wraith (D:14)
  Eustachio (D:5)
  A fire elemental (Lair:1)
  A steam dragon (D:12)
  3 hungry ghosts
  23 soldier ants
  2 porcupines
  6 water moccasins
  9 orc warriors
  A slave (D:7)
  8 sky beasts
  5 ice beasts
  A black bear (D:10)
  A necrophage (D:10)
  13 ogres
  3 phantoms
  2 centaurs
  2 crocodiles
  12 bullfrogs
  A big kobold (D:8)
  A wyvern zombie (D:7)
  Dowan (D:5)
  5 scorpions
  2 killer bees (D:11)
  3 troll zombies (D:9)
  4 wights
  2 howler monkeys
  3 crimson imps
  2 centaur zombies
  A quasit (D:4)
  5 jellies
  2 bullfrog skeletons
  4 centaur skeletons
  6 orc priests
  3 hounds
  10 orc wizards
  Crazy Yiuf (D:5)
  2 iguanas
  31 worker ants
  5 ogre zombies (D:9)
  A hound zombie (D:10)
  2 hound skeletons
  A worker ant zombie (D:8)
  5 gnolls
  11 adders
  3 shadow imps
  An adder zombie (D:7)
  An adder skeleton (D:3)
  3 worms
  2 dart slugs
  6 leopard geckos
  40 orcs
  9 bats
  5 giant cockroaches
  8 goblins
  6 hobgoblins
  6 jackals
  3 quokkas
  3 ball pythons
  9 frilled lizards
  A goblin zombie (D:9)
  A hobgoblin skeleton (D:9)
  2 hobgoblin zombies (D:9)
  A jackal skeleton (D:5)
  A jackal zombie (D:6)
  14 kobolds
  A leopard gecko skeleton (D:6)
  2 orc skeletons (D:9)
  18 orc zombies (D:9)
  A quokka skeleton (D:5)
  9 rats
425 creatures vanquished.

Vanquished Creatures (collateral kills)
  Frances (D:14)
  A hydra (Lair:2)
  Erica (D:8)
  Menkaure (D:6)
  An acid dragon (D:11)
  Duvessa (D:5)
  A slave (D:7)
  A scorpion (D:6)
  A killer bee (D:11)
  A shadow imp (D:5)
10 creatures vanquished.

Vanquished Creatures (others)
  An orc wizard (D:7)
  An orc (D:7)
  4 plants
6 creatures vanquished.

Grand Total: 441 creatures vanquished

Notes
Turn   | Place    | Note
-------+----------+-------------------------------------------
     0 | D:1      | Goreval the Draconian Transmuter began the quest for the
                  | Orb.
     0 | D:1      | Reached XP level 1. HP: 16/16 MP: 3/3
   125 | D:1      | Reached XP level 2. HP: 20/23 MP: 3/5
  1107 | D:2      | Learned a level 2 spell: Sticks to Snakes
  1164 | D:2      | Reached XP level 3. HP: 22/29 MP: 6/6
  1284 | D:2      | Learned a level 3 spell: Spider Form
  1356 | D:2      | Found a shattered altar of Ashenzari.
  1660 | D:2      | Found a white marble altar of Elyvilon.
  1666 | D:2      | Reached XP level 4. HP: 27/36 MP: 5/7
  2938 | D:3      | Reached skill level 1 in Shields
  3202 | D:3      | Reached XP level 5. HP: 20/41 MP: 6/8
  4515 | D:4      | Found an iron altar of Okawaru.
  4515 | D:4      | Found a bloodstained altar of Trog.
  4612 | D:4      | Reached XP level 6. HP: 40/48 MP: 9/9
  4624 | D:4      | Found an opulent altar of Gozag.
  4625 | D:4      | Found a sparkling altar of Nemelex Xobeh.
  4693 | D:5      | Entered Level 5 of the Dungeon
  5191 | D:4      | Became a worshipper of Warmaster Okawaru
  5740 | D:4      | Reached skill level 5 in Unarmed Combat
  6055 | D:5      | Your scales start taking on a pale cyan-grey colour.
  6055 | D:5      | Reached XP level 7. HP: 53/55 MP: 11/11
  6110 | D:5      | Noticed Duvessa
  6110 | D:5      | Noticed Dowan
  6143 | D:5      | Killed Duvessa
  6152 | D:5      | Killed Dowan
  6152 | D:5      | Reached skill level 5 in Transmutations
  6266 | D:5      | Noticed Eustachio
  6285 | D:5      | Killed Eustachio
  6720 | D:5      | Reached * piety under Okawaru
  6720 | D:5      | Reached XP level 8. HP: 61/61 MP: 7/12
  7289 | D:5      | Found a runed translucent door.
  7290 | D:5      | Noticed Crazy Yiuf
  7347 | D:5      | Killed Crazy Yiuf
  7422 | D:6      | Found a large runed translucent door.
  7424 | D:6      | Found a large runed translucent door.
  7433 | D:6      | Found a large runed translucent door.
  7433 | D:6      | Found a large runed translucent door.
  7598 | D:6      | Noticed Menkaure
  7606 | D:6      | Killed Menkaure
  8114 | D:6      | Found a staircase to the Ecumenical Temple.
  8182 | D:6      | Found a glowing golden altar of the Shining One.
  8306 | D:6      | Found a sacrificial altar of Ru.
  8561 | D:6      | Learned a level 2 spell: Swiftness
  8567 | D:6      | Learned a level 5 spell: Blade Hands
  8584 | D:6      | Reached ** piety under Okawaru
  8997 | D:6      | Reached XP level 9. HP: 64/70 MP: 6/13
 10340 | D:7      | Found a snail-covered altar of Cheibriados.
 10566 | D:7      | Noticed Pikel
 10600 | D:7      | Killed Pikel
 10600 | D:7      | Reached *** piety under Okawaru
 10654 | D:7      | Reached skill level 5 in Fighting
 11005 | D:7      | Found Asyr's Assorted Antiques.
 11129 | D:7      | Found a shimmering altar of Xom.
 11168 | D:7      | Got a jewelled flail
 11603 | D:8      | Reached XP level 10. HP: 75/81 MP: 14/14
 12026 | D:8      | Got an iridescent quarterstaff
 12049 | D:8      | Learned a level 2 spell: Blink
 12053 | D:8      | Noticed Erica
 12065 | D:8      | Killed Erica
 12065 | D:8      | Reached skill level 1 in Invocations
 12573 | D:8      | Killed an unseen horror
 12573 | D:8      | Reached skill level 10 in Unarmed Combat
 12768 | D:8      | Found a staircase to the Lair.
 13199 | D:9      | Reached skill level 10 in Transmutations
 13234 | D:9      | Reached **** piety under Okawaru
 13449 | D:9      | Found a staircase to the Orcish Mines.
 14472 | D:9      | Found an ancient bone altar of Kikubaaqudgha.
 14998 | D:9      | Noticed a queen ant
 15026 | D:9      | Killed a queen ant
 15026 | D:9      | Reached ***** piety under Okawaru
 15026 | D:9      | Reached XP level 11. HP: 31/88 MP: 7/15
 16340 | D:10     | Entered Level 10 of the Dungeon
 16375 | D:10     | Reached skill level 5 in Invocations
 16424 | D:10     | Noticed Erolcha
 16438 | D:10     | Killed Erolcha
 16604 | D:10     | Got a vibrating bronze ring
 16665 | D:10     | Received a gift from Okawaru
 16852 | D:10     | Found Secsanic's Antique Armour Emporium.
 17689 | D:11     | Found a transporter.
 17691 | D:11     | Noticed ciphuk's ghost (journeyman KoAs)
 17693 | D:11     | Noticed a two-headed ogre
 17696 | D:11     | Found a transporter.
 17698 | D:11     | Identified the +1 dire flail of Fedidwuz {venom, Int+2}
 17698 | D:11     | Identified the +7 great mace of Zoffauqa {drain, rF+ MR-
                  | Stlth+}
 17698 | D:11     | Noticed a two-headed ogre
 17698 | D:11     | Noticed a two-headed ogre
 18995 | D:11     | You fall into a shaft and drop 3 floors!
 18995 | D:14     | Found Goimigat's Antique Weapon Shoppe.
 19065 | D:14     | Noticed a catoblepas
 19074 | D:14     | Noticed Frances
 19075 | D:14     | Killed a catoblepas
 19124 | D:14     | Reached XP level 12. HP: 38/100 MP: 8/16
 19220 | D:14     | Found a roughly hewn altar of Beogh.
 19578 | D:14     | Killed Frances
 19578 | D:14     | Reached skill level 5 in Dodging
 19631 | D:13     | Noticed an eight-headed hydra
 20021 | D:13     | Killed an eight-headed hydra
 20021 | D:13     | Received a gift from Okawaru
 20248 | D:13     | Noticed a two-headed ogre
 20258 | D:13     | Killed a two-headed ogre
 20308 | D:13     | Got a translucent diamond amulet
 20313 | D:13     | Identified the amulet "Nejaysk" {Inacc *Slow rElec rN+++
                  | Int-4} (You found it on level 13 of the Dungeon)
 20320 | D:13     | Identified the ring of Truth {rPois rF+ rC+ Dex+3} (You
                  | found it on level 10 of the Dungeon)
 21149 | D:12     | Noticed Fannar
 21164 | D:12     | Killed Fannar
 21254 | D:12     | Noticed a two-headed ogre
 21264 | D:12     | Killed a two-headed ogre
 21588 | D:12     | Noticed a two-headed ogre
 21594 | D:12     | Killed a two-headed ogre
 21594 | D:12     | Received a gift from Okawaru
 21594 | D:12     | Reached skill level 5 in Spellcasting
 22365 | D:11     | Killed a two-headed ogre
 22365 | D:11     | Reached skill level 10 in Fighting
 22367 | D:11     | Killed a two-headed ogre
 22376 | D:11     | Killed ciphuk's ghost
 22376 | D:11     | Reached XP level 13. HP: 91/113 MP: 8/20
 22590 | Lair:1   | Entered Level 1 of the Lair of Beasts
 22969 | Lair:1   | Reached ****** piety under Okawaru
 24134 | Lair:2   | Received a gift from Okawaru
 24359 | Lair:2   | Noticed Amplified's ghost (journeyman DDGl)
 24401 | Lair:2   | Found a transporter.
 24505 | Lair:2   | Found a transporter.
 24554 | Lair:2   | Found a staircase to the Swamp.
 24769 | Lair:2   | Noticed Prince Ribbit
 24781 | Lair:2   | Killed Prince Ribbit
 25381 | Lair:2   | Noticed Harold
 25402 | Lair:2   | Killed Harold
 25774 | Lair:2   | HP: 2/113 [eight-headed hydra (13)]
 25774 | Lair:2   | Demolished by an eight-headed hydra

Levels and vault maps discovered:
D:1:      kilobyte_arrival_exit_the_forest, layout_basic
D:2:      layout_basic, old_standard_altar, evilmike_ruin_ashenzari,
          glass_columns_a
D:3:      minmay_razor_zed, layout_basic
D:4:      layout_loops_ring, grunt_temple_overflow_bloody_war,
          grunt_temple_overflow_opulence, first_ration
D:5:      layout_rooms, uniq_duvessa, uniq_eustachio, uniq_crazy_yiuf_cottage
D:6:      layout_basic, marbit_many_paths, nicolae_ru_great_annihilating_truth,
          minmay_temple_entry_wispy, minmay_hollow_rounded_squares,
          uniq_menkaure
D:7:      layout_basic, lemuel_round_altar, kennysheep_mini, serial_shops,
          shop_statue, grunt_tough_drop, uniq_pikel
D:8:      layout_loops_ring, david_lair_shrubbed, uniq_erica
D:9:      layout_roguey, old_standard_altar, zombieorc2_lemuel, minivault_29
D:10:     layout_basic, serial_shops, shop, uniq_erolcha
D:11:     layout_irregular_city, gammafunk_ghost_smash
D:12:     layout_loops_ring, hangedman_pestilent_swarm, eino_jars, uniq_fannar
D:13:     layout_roguey, uniq_josephine
D:14:     layout_loops_cross, lightli_vaults_fourway_checkpoint,
          minmay_curled_crystal, portal_ice_cave_entry_pillars_1, serial_shops,
          nicolae_shop_overgrown_old_shop, special_room [special_room_orc],
          uniq_roxanne, uniq_frances
Lair:1:   layout_gridlike, zaba_anthole, st_stairs_8,
          chequers_serial_rivers_micro_b
Lair:2:   layout_chaotic_city, swamp_mist, gammafunk_ghost_arena, minivault_19,
          grunt_forest_large_clearing_hut, minmay_lair_oklob_chamber,
          uniq_harold, uniq_prince_ribbit2

Skill      XL: |  1  2  3  4  5  6  7  8  9 10 11 12 13 |
---------------+----------------------------------------+-----
Dodging        | 2 4 7 8 |  8.1
Fighting       | 2 3 5 7 10 | 10.0
Transmutations | 3 4 5 7 9 10 11 12 | 12.6
Shields        | 1 2 3 4 |  4.0
Unarmed Combat | 4 5 6 7 9 11 12 | 12.8
Spellcasting   | 3 5 |  5.6
Invocations    | 4 5 |  5.0

Action                   |  1- 3 |  4- 6 |  7- 9 | 10-12 | 13-15 || total
-------------------------+-------+-------+-------+-------+-------++-------
Melee: Unarmed           |    93 |   289 |   354 |   790 |   187 ||  1713
       Kick              |     8 |    19 |    11 |       |       ||    38
       Tailslap          |     7 |    23 |    28 |    88 |    22 ||   168
       Headbutt          |     4 |     1 |     6 |       |       ||    11
       Punch             |     1 |     1 |       |    17 |     5 ||    24
Throw: Stone             |     4 |    40 |     4 |    48 |    15 ||   111
 Cast: Beastly Appendage |    15 |    11 |     7 |       |       ||    33
       Spider Form       |       |     6 |    12 |     2 |     3 ||    23
       Sticks to Snakes  |       |       |    25 |    14 |     6 ||    45
       Blade Hands       |       |       |     5 |    48 |    14 ||    67
Invok: Heroism           |       |       |       |     6 |     1 ||     7
 Abil: Breathe Steam     |       |       |     3 |     1 |       ||     4
Evoke: Wand              |       |       |       |     4 |       ||     4
  Use: Scroll            |       |    11 |     8 |    13 |     1 ||    33
       Potion            |       |       |       |     2 |       ||     2
 Stab: Sleeping          |       |     2 |       |       |       ||     2
       Distracted        |       |       |     1 |     1 |       ||     2
       Petrified         |       |       |       |     1 |       ||     1
  Eat: Chunk             |     3 |    11 |    17 |    37 |    12 ||    80
       Ration            |       |     1 |     2 |     6 |     1 ||    10
Armor: Skin              |    15 |    91 |    68 |   175 |    22 ||   371
Dodge: Dodged            |    52 |   170 |   185 |   356 |   174 ||   937
Block: Buckler           |       |    18 |    33 |    63 |    16 ||   130
